 Dungeon Crawl Stone Soup version 0.18.1-5-g4a78601 (webtiles) character file.

72 st0uf the Skirmisher (level 4, -1/40 HPs)
             Began as a Draconian Berserker on May 14, 2016.
             Was a Believer of Trog.
             Slain by a hobgoblin
             ... wielding a +0 club
             ... led by Robin
              (4 damage)
             ... on level 1 of the Dungeon.
             The game lasted 00:05:48 (1622 turns).

st0uf the Skirmisher (Draconian Berserker)          Turns: 1622, Time: 00:05:49

Health: -1/40      AC:  5    Str: 20    XL:     4   Next: 6%
Magic:  4/4        EV: 13    Int:  7    God:    Trog [**....]
Gold:   110        SH:  0    Dex: 11    Spells: 0 memorised, 3 levels left

rFire  . . .     SeeInvis .     a - +0 mace
rCold  . . .     Gourm    .     (armour unavailable)
rNeg   . . .     Faith    .     (no shield)
rPois  .         Spirit   .     (helmet restricted)
rElec  .         Dismiss  .     (no cloak)
rCorr  .         Reflect  .     (no gloves)
SustAt .         Harm     .     (no boots)
MR     .....                    (no amulet)
Stlth  +.........               (no ring)
                                (no ring)

@: not resistant to hostile enchantments, very unstealthy
A: unfitting armour, cold-blooded, AC +5
a: Berserk, Trog's Hand, Burn Spellbooks, Renounce Religion


You were on level 1 of the Dungeon.
You worshipped Trog.
Trog was pleased with you.
You were not hungry.

You visited 1 branch of the dungeon, and saw 2 of its levels.

You collected 110 gold pieces.

Inventory:

Hand Weapons
 a - a +0 mace (weapon)
Missiles
 h - 14 poisoned needles
Jewellery
 f - an uncursed ring of ice
Scrolls
 e - a scroll of identify {unknown}
 i - 4 scrolls of teleportation {unknown}
 j - 3 scrolls of recharging {unknown}
 k - 2 scrolls of remove curse {unknown}
 l - 2 scrolls of magic mapping {unknown}
 r - 3 scrolls of amnesia {unknown}
Potions
 c - a potion of cure mutation {unknown}
 d - 4 potions of heal wounds {unknown}
 g - 3 potions of mutation {unknown}
 m - a potion of haste {unknown}
 p - 2 potions of ambrosia {unknown}
 q - a potion of degeneration {unknown}
Comestibles
 b - 2 bread rations
 n - a beef jerky
 o - 2 chunks of flesh


   Skills:
 + Level 4.1 Fighting
 + Level 3.5 Maces & Flails
 + Level 3.5 Dodging
 + Level 0.2 Stealth


You had 3 spell levels left.
You didn't know any spells.

Dungeon Overview and Level Annotations

Branches:
Dungeon (2/15)

Altars:
Fedhas
Pakellas

Annotations:
D:2 Sigmund


Innate Abilities, Weirdness & Mutations

Your plain brown scales are hard (AC +5).
Your body does not fit into most forms of armour.
You are cold-blooded and may be slowed by cold attacks.


Message History

Trog accepts your kill.
Your Fighting skill increases to level 4!
The hobgoblin barely misses you.
You closely miss the hobgoblin. Robin hits you with a club.
The hobgoblin barely misses you.
You hit Robin.
Robin is lightly wounded.
Robin hits you with a club. The hobgoblin hits you with a club!
* * * LOW HITPOINT WARNING * * *
You sock Robin!
Robin is almost dead.
Robin hits you but does no damage. The hobgoblin barely misses you.
You hit Robin.
You kill Robin!
Trog accepts your kill.
You have reached level 4!
You feel agile. The hobgoblin closely misses you.
You hit the hobgoblin but do no damage. The hobgoblin hits you with a club.
You die...

.....#
#.##.####...##.###...##
###### #.##.# #...##.# #####
#.##.# #...##.# #.##.#
#...##.# ##########.##.#
#....^.# #..........##.#
#......### # #.###########.#
##.......#### # #.....#
#.######........)### #####.#
#gg@).......#.##.##.
#.##############..###.##...#
#...................#.#####.
#.##.######.##...≈....######
#.##.# #.##...⌠≈..#......
### #.##.#
#.###.≈≈≈.#.######
..####.##.#### #.#
#.....#.##
.............###.#
##.###...#####
#.##.............#
#.###.#......


You could see 2 hobgoblins.

Vanquished Creatures
  Robin (D:1)
  2 adders (D:2)
  2 dart slugs (D:1)
  8 bats
  A giant cockroach (D:1)
  9 goblins
  3 hobgoblins (D:1)
  2 quokkas (D:2)
  A ball python (D:2)
  4 kobolds
  6 rats
39 creatures vanquished.

Notes
Turn   | Place    | Note
--------------------------------------------------------------
     0 | D:1      | st0uf the Draconian Berserker began the quest for the Orb.
     0 | D:1      | Reached XP level 1. HP: 19/19 MP: 1/1
   172 | D:1      | Reached XP level 2. HP: 26/26 MP: 2/2
   593 | D:2      | Found an oddly glowing altar of Pakellas.
   640 | D:2      | Noticed Sigmund
   678 | D:2      | Reached XP level 3. HP: 19/31 MP: 3/3
   716 | D:2      | Found a blossoming altar of Fedhas.
  1000 | D:2      | Noticed Robin
  1029 | D:1      | Reached ** piety under Trog
  1617 | D:1      | Reached skill level 4 in Fighting
  1621 | D:1      | Killed Robin
  1621 | D:1      | Reached XP level 4. HP: 3/40 MP: 4/4
  1622 | D:1      | Slain by a hobgoblin

Skill      XL: |  1  2  3 |
---------------+----------+-----
Dodging        | 3 |  3.5
Fighting       | 4 |  4.1
Maces & Flails | |  3.5
Stealth        | |  0.2

Action                   |  1- 3 |  4- 6 || total
-------------------------+-------+-------++-------
Melee: Mace              |    99 |     1 ||   100
       Tailslap          |     5 |       ||     5
 Stab: Sleeping          |     1 |       ||     1
  Eat: Chunk             |     2 |       ||     2
Armor: Skin              |    30 |       ||    30
Dodge: Dodged            |   100 |     1 ||   101
